 Dungeon Crawl Stone Soup version 0.18.1-6-gd335043 (webtiles) character file.

151 zxpr0jk the Skirmisher (level 5, -1/47 (48) HPs)
             Began as a Ghoul Fighter on May 20, 2016.
             Slain by Crazy Yiuf
             ... wielding a +4 quarterstaff of chaos
              (4 damage)
             ... on level 2 of the Dungeon.
             The game lasted 00:03:43 (1666 turns).

zxpr0jk the Skirmisher (Ghoul Fighter)              Turns: 1666, Time: 00:03:44

HP:   -1/47 (48)    AC:  6    Str: 20    XL:     5   Next: 33%
MP:   4/4           EV:  9    Int:  3    God:
Gold: 51            SH:  0    Dex:  9    Spells: 0 memorised, 4 levels left

rFire  . . .     SeeInvis .       - Unarmed
rCold  + . .     Gourm    .     a - +0 scale mail
rNeg   + + +     Faith    .     (no shield)
rPois  ∞         Spirit   .     (no helmet)
rElec  .         Dismiss  .     (no cloak)
rCorr  +         Reflect  .     (no gloves)
SustAt .         Harm     .     (no boots)
MR     .....                    (no amulet)
Stlth  ..........               k - ring of resist corrosion
                                j - ring of loudness (curse)

@: rotting, not resistant to hostile enchantments, extremely unstealthy
A: rotting body, claws 1, carnivore 3, cold resistance 1, negative energy
resistance 3, slow regeneration 1, torment resistance, unbreathing
a: no special abilities


You were on level 2 of the Dungeon.
You were not hungry.

You visited 1 branch of the dungeon, and saw 2 of its levels.

You collected 51 gold pieces.

Inventory:

Armour
 a - a +0 scale mail (worn)
 b - a +0 shield
 h - a +0 pair of gloves
Jewellery
 j - a cursed ring of loudness (left claw)
 k - a ring of resist corrosion (right claw)
Scrolls
 e - 2 scrolls of blinking {unknown}
 g - a scroll of random uselessness {unknown}
 i - a scroll of identify {unknown}
 l - a scroll of fog {unknown}
 m - a scroll of magic mapping {unknown}
 o - a scroll of enchant weapon {unknown}
 p - a scroll of immolation {unknown}
 r - a scroll of enchant armour {unknown}
Potions
 c - 2 potions of might
 f - 2 potions of cure mutation {unknown}
 n - a potion of curing {unknown}
 q - a potion of invisibility {unknown}
Comestibles
 d - a meat ration


   Skills:
 + Level 5.0 Fighting
 - Level 2.6 Armour
 - Level 2.6 Shields
 + Level 4.5 Unarmed Combat


You had 4 spell levels left.
You didn't know any spells.

Dungeon Overview and Level Annotations

Branches:
Dungeon (2/15)

Altars:
Fedhas
Xom

Annotations:
D:2 Crazy Yiuf


Innate Abilities, Weirdness & Mutations

Your body is rotting away.
You thrive on raw meat.
You are immune to poison.
You have sharp fingernails.
You are carnivorous and can eat meat at any time.
Your flesh is cold resistant.
You are immune to negative energy.
You regenerate slowly when monsters are visible.
You are immune to unholy pain and torment.
You can survive without breathing.


Message History

You barely miss Crazy Yiuf.
Crazy Yiuf is moderately wounded.
Crazy Yiuf barely misses you.
You scratch Crazy Yiuf.
Crazy Yiuf is heavily wounded.
Crazy Yiuf hits you with a quarterstaff of chaos.
You convulse.
You scratch Crazy Yiuf but do no damage.
Crazy Yiuf is moderately wounded.
You scratch Crazy Yiuf.
Crazy Yiuf is heavily wounded.
Crazy Yiuf hits you with a quarterstaff of chaos!
* * * LOW HITPOINT WARNING * * *
x2 You closely miss Crazy Yiuf.
Crazy Yiuf is heavily wounded.
Crazy Yiuf barely misses you.
You scratch Crazy Yiuf.
Crazy Yiuf is severely wounded.
Crazy Yiuf hits you with a quarterstaff of chaos.
You die...

......# #.#..............#
......######.#.############.#
.......................#
#######
.......#################
#...... .......# #.#####
.......# #########.#####
#...##.# ### ###.#............
#...##.# #...##..#.............
#♣.....# #...g@####............
.......### #)..###
##........... .♣♣P.P...# ###
####.#'##### .♣♣♣.P..## #.#.#
P.♣♣P...# #...# .P♣.♣♣♣.##
###############..#
.....♣♣..###...........#.#..###
♣♣.PP§♣♣.#................(...#
.P♣.§PP§...................>..#


You could see Crazy Yiuf.

Vanquished Creatures
  Ijyb (D:2)
  2 gnolls (D:2)
  4 adders (D:2)
  A worm (D:2)
  A giant gecko (D:2)
  A ball python (D:1)
  8 bats
  4 giant cockroaches
  6 goblins
  4 hobgoblins
  3 jackals (D:1)
  8 kobolds
  4 quokkas (D:2)
  4 giant newts
  19 rats (D:1)
  A plant (D:2)
71 creatures vanquished.

Vanquished Creatures (others)
  A plant (D:2)
1 creature vanquished.

Grand Total: 72 creatures vanquished

Notes
Turn   | Place    | Note
--------------------------------------------------------------
     0 | D:1      | zxpr0jk the Ghoul Fighter began the quest for the Orb.
     0 | D:1      | Reached XP level 1. HP: 19/19 MP: 0/0
    56 | D:1      | Reached XP level 2. HP: 15/26 MP: 1/1
   354 | D:1      | Reached XP level 3. HP: 28/33 MP: 2/2
   577 | D:1      | Reached skill level 4 in Fighting
   629 | D:2      | Found a faded altar to an unknown god.
   670 | D:2      | Found a shimmering altar of Xom.
   680 | D:2      | Reached XP level 4. HP: 32/38 MP: 3/3
   783 | D:2      | Noticed Ijyb
   807 | D:2      | Killed Ijyb
   904 | D:2      | Reached XP level 5. HP: 45/47 MP: 4/4
   918 | D:2      | Found a blossoming altar of Fedhas.
  1313 | D:2      | Reached skill level 5 in Fighting
  1649 | D:2      | Noticed Crazy Yiuf
  1666 | D:2      | Slain by Crazy Yiuf

Skill      XL: |  1  2  3  4  5 |
---------------+----------------+-----
Unarmed Combat | 3 4 |  4.5
Fighting       | 4 5 |  5.0
Armour         | |  2.6
Shields        | |  2.6

Action                   |  1- 3 |  4- 6 || total
-------------------------+-------+-------++-------
Melee: Unarmed           |   166 |   112 ||   278
       Punch             |     1 |     2 ||     3
  Eat: Chunk             |       |    18 ||    18
Armor: Scale mail        |    68 |    37 ||   105
Dodge: Dodged            |    82 |    45 ||   127
Block: Shield            |    27 |       ||    27
